 Dungeon Crawl Stone Soup version 0.31-a0-187-gba352fbbf7 (webtiles) character file.

Game seed: 15539377914881694438

24 qw the Shooter (level 2, -1/16 HPs)
             Began as a Deep Elf Hunter on June 22, 2023.
             Succumbed to an adder's poison
             ... on level 1 of the Dungeon.
             The game lasted 00:00:13 (816 turns).

qw the Shooter (Deep Elf Hunter)                     Turns: 816, Time: 00:00:14

Health: -1/16      AC:  3    Str:  8    XL:     2   Next: 79%
Magic:  4/4        EV: 12    Int: 13    God:
Gold:   15         SH:  0    Dex: 18    Spells: 1/1 levels left

rFire   . . .        Y - +1 shortbow
rCold   . . .        (shield currently unavailable)
rNeg    . . .        c - +0 leather armour
rPois   .            (no helmet)
rElec   .            (no cloak)
rCorr   .            (no gloves)
SInv    .            (no boots)
Will    .....        (no amulet)
Stlth   ++           (no ring)
HPRegen 0.22/turn    (no ring)
MPRegen 0.09/turn

%: no passive effects
@: lethally poisoned (-1 -> -8), weak-willed
A: no striking features
a: no special abilities


You were on level 1 of the Dungeon.
You visited 1 branch of the dungeon, and saw 2 of its levels.

You collected 15 gold pieces.


   Skills:
 - Level 1.5 Fighting
 + Level 6.5 Ranged Weapons
 - Level 2.4 Dodging
 - Level 1.2 Stealth


You had one spell level left.
You didn't know any spells.
Your spell library was empty.

Inventory:

Hand Weapons
 Y - a +1 shortbow (weapon)
Armour
 c - a +0 leather armour (worn)
Scrolls
 g - a scroll of identify
Potions
 d - a potion of lignification {unknown}
 j - a potion of curing {unknown}

Dungeon Overview and Level Annotations

Branches:
Dungeon (2/15)

Altars:


Message History

The adder bites you but does no damage. The ball python bites you.
The ball python closely misses you.
807 ||| STAIRDANCE The bat hits you but does no damage.
The adder barely misses you.
The ball python bites you but does no damage.
The ball python closely misses you.
You climb upwards.
There is a stone staircase leading down here.
Enter note:
Enter note:
Enter note: You shoot an arrow.
The arrow closely misses the adder.
The arrow hits the ball python.
The ball python is severely wounded.
The bat hits you but does no damage. The bat closely misses you.
The adder barely misses you. The bat closely misses you.
You shoot an arrow. The arrow misses the adder.
The arrow hits the ball python.
You kill the ball python!
The bat barely misses you. x2; The adder barely misses you.
The bat misses you. The adder bites you.
You shoot an arrow. The arrow misses the adder.
The bat hits you but does no damage. The adder bites you but does no damage.
You shoot an arrow.
The arrow hits the adder but does no damage.
The adder is heavily wounded.
The bat barely misses you. The adder bites you. The adder misses you.
You shoot an arrow. The arrow barely misses the adder.
The bat hits you but does no damage. The bat misses you. The adder bites you.
You are poisoned.
The adder poisons you!
You shoot an arrow. The arrow hits the adder.
The adder is almost dead.
You feel sick. The bat hits you but does no damage. The adder bites you.
You are lethally poisoned!
The adder poisons you! The adder barely misses you.
You shoot an arrow. The arrow misses the adder.
You feel very sick. The bat barely misses you. The adder bites you.
You shoot an arrow. The arrow misses the adder.
You die...

#......}.<.}.....## #.##
#...77777.77777...###...
##..# 7}7 #........#
#..##777.777##..####...
#........)......# #.#.
###.##.##....#### #.#.
#.##.###...# #.#. #.##b#
###.# ##.#. #.##@# #.#
#.... #.##S#
##.######..## ##.##.#
#............ ##...#.#
##.######..#. #......#
#.........#. #.....##
#.######.##. #.....# #.#
#.##. ##....# #.# #.##.
###..# #.# #.##.


You could see an adder and a bat.

Vanquished Creatures
  2 bats (D:1)
  3 endoplasms (D:1)
  A goblin (D:1)
  4 hobgoblins (D:1)
  A kobold (D:1)
  A quokka (D:1)
  6 ball pythons (D:1)
  A frilled lizard (D:1)
19 creatures vanquished.

Notes
Turn   | Place    | Note
-------+----------+-------------------------------------------
     0 | D:1      | qw the Deep Elf Hunter began the quest for the Orb.
     0 | D:1      | Reached XP level 1. HP: 12/12 MP: 3/3
     0 | D:1      | 0 ||| qw: Version: 0.3-a-9-g12657ce
     0 | D:1      | 0 ||| qw: Game counter: 2066
     0 | D:1      | 0 ||| qw: Always use a shield: true
     0 | D:1      | 0 ||| qw: God list: Okawaru
     0 | D:1      | 0 ||| qw: Allow faded altars: false
     0 | D:1      | 0 ||| qw: Do Orc after D:15 true
     0 | D:1      | 0 ||| qw: Do second Lair branch before Depths: true
     0 | D:1      | 0 ||| qw: Lair rune preference: random
     0 | D:1      | 0 ||| qw: Plans: Normal
     0 | D:1      | 0 ||| PLANNING D:1-11
   264 | D:1      | Reached skill level 6 in Ranged Weapons
   264 | D:1      | Reached XP level 2. HP: 16/16 MP: 4/4
   765 | D:1      | 765 ||| READING scroll labelled ROORPH GA LIETSAS.
   766 | D:1      | 766 ||| READING 4 scrolls labelled WIEMEH XOKHLU.
   767 | D:1      | 767 ||| READING 2 scrolls labelled DEAVANT DUCK.
   768 | D:1      | 768 ||| READING scroll labelled ITSEACV BU OTS.
   771 | D:1      | 771 ||| READING scroll labelled LOCRODETAZ.
   772 | D:1      | 772 ||| DROPPING scroll of butterflies.
   773 | D:1      | 773 ||| DROPPING 3 scrolls of immolation.
   807 | D:2      | 807 ||| STAIRDANCE
   815 | D:1      | HP: 4/16 [poisoned by an adder]
   815 | D:1      | HP: 1/16 [adder (3)]
   816 | D:1      | Succumbed to an adder's poison

Levels and vault maps discovered:
D:1:      scummos_arrival_forest, layout_loops_ring, minmay_shallow_snake_nest
D:2:      layout_loops_ring, basic_altar, serial_shops, shop

Skill      XL: |  1 |
---------------+----+-----
Ranged Weapons | 6 |  6.5
Fighting       | |  1.5
Dodging        | |  2.4
Stealth        | |  1.2

Action                     || total
---------------------------++-------
   Fire: Shortbow          ||    50
    Use: Scroll            ||     5
 Armour: Leather armour    ||    10
  Dodge: Dodged            ||    26

Table legend:
 A = Non-vault XP
 B = Vault XP
 C = Vault XP percentage of total XP
 D = Non-vault monster count
 E = Vault monster count
 F = Vault count percentage of total count
                 A         B        C        D         E       F
            +---------+---------+-------+---------+---------+-------
      Total |      27 |       8 |  22.9 |      15 |       4 |  21.1
            +---------+---------+-------+---------+---------+-------
        D:1 |      27 |       8 |  22.9 |      15 |       4 |  21.1
            +---------+---------+-------+---------+---------+-------
